Map: Tokamak LE

Players

sebesdes - Winner!

  • Race: Protoss Protoss
  • League: Master
  • Spawn Location: 1:00

Shino

  • Race: Zerg Zerg
  • Spawn Location: 7:00

Event: HomeStory Cup XXVII

VOD

Have the link to the VOD?

Description

Time

  • Played on: June 28, 2025, 2:47 p.m.
  • Length: 11:43

All games in this series

Show
View Real Time Build Order
Export as new Build Order

sebesdes Protoss - Winner!

Build Orders: 1 Gate Expand, Oracle Opening 

Get SALT Encoding   

  12  0:00  Probe  
  13  0:12  Probe  
  14  0:17  Pylon  
  14  0:23  Probe  
  15  0:31  Probe  
  16  0:38  Gateway  
  16  0:39  Probe  
  16  0:45  Assimilator  
  17  0:50  Probe  
  18  1:03  Probe  
  19  1:15  Probe  
  20  1:23  Nexus  
  20  1:33  Cybernetics Core  
  20  1:37  Probe  
  21  1:43  Assimilator  
  21  1:49  Probe  
  21  1:52  Pylon  
  22  1:58  Probe  
  22  2:00  Adept  
  23  2:06  Probe  
  26  2:15  Probe  
  26  2:16  Stargate  
  26  2:21  Adept  
  27  2:26  Warp Gate  
  27  2:27  Probe  
  28  2:35  Probe  
  31  2:39  Probe  
  32  2:47  Probe, Stalker  
  33  2:52  Probe  
  36  2:59  Probe  
  36  3:00  Oracle  
  36  3:04  Probe  
  38  3:06  Pylon  
  38  3:11  Probe  
  42  3:16  Probe  
  43  3:23  Probe  
  44  3:28  Probe  
  45  3:35  Probe  
  45  3:37  Nexus  
  45  3:40  Oracle, Pylon  
  46  3:46  Probe  
  50  3:51  Gateway  
  50  3:52  Probe  
  51  3:58  Probe  
  51  4:00  Twilight Council  
  52  4:06  Gateway  
  52  4:10  Gateway  
  52  4:11  Probe  
  52  4:14  Adept  
  55  4:17  Resonating Glaives  
  55  4:19  Pylon  
  55  4:29  Probe x2, Assimilator  
  57  4:36  Adept  
  59  4:41  Probe x2  
  61  4:52  Adept  
  62  4:53  Probe x2  
  62  4:54  Probe  
  63  5:01  Adept  
  63  5:05  Probe x2  
  63  5:07  Probe, Adept x2  
  68  5:12  Adept  
  74  5:16  Pylon  
  74  5:17  Probe  
  74  5:18  Probe  
  74  5:19  Probe  
  77  5:25  Adept  
  77  5:27  Probe  
  78  5:28  Probe  
  78  5:29  Adept x2  
  78  5:30  Probe  
  85  5:35  Probe  
  85  5:36  Probe  
  85  5:42  Probe, Blink  
  88  5:44  Probe  
  88  5:46  Probe  
  90  5:50  Adept  
  87  6:07  Probe  
  87  6:10  Forge, Stalker x2  
  92  6:11  Probe  
  92  6:12  Assimilator  
  92  6:14  Pylon  
  92  6:15  Gateway, Assimilator  
  92  6:18  Pylon  
  93  6:19  Pylon, Protoss Ground Weapons Level 1  
  93  6:22  Probe x2  
  93  6:23  Probe  
  90  6:31  Pylon, Stalker  
  92  6:33  Stalker x3  
  92  6:34  Probe  
  92  6:35  Probe  
  92  6:37  Probe  
  87  6:55  Probe  
  87  6:57  Probe  
  87  6:58  Gateway, Stalker x3  
  87  6:59  Assimilator  
  87  7:00  Gateway, Stalker  
  97  7:03  Probe  
  97  7:07  Photon Cannon  
  98  7:10  Photon Cannon  
  98  7:13  Shield Battery  
  98  7:16  Stalker  
  98  7:17  Probe  
  98  7:22  Shield Battery  
  101  7:23  Stalker x4  
  101  7:27  Templar Archives  
  101  7:28  Nexus  
  101  7:29  Pylon  
  109  7:31  Probe  
  110  7:37  Probe  
  110  7:39  Pylon  
  110  7:40  Stalker  
  110  7:41  Pylon  
  110  7:42  Robotics Facility  
  110  7:43  Probe  
  114  7:48  Stalker x4  
  114  7:50  Probe  
  123  7:52  Psionic Storm  
  123  7:53  Shield Battery  
  123  7:56  Probe  
  124  7:59  Photon Cannon  
  124  8:01  Photon Cannon  
  124  8:09  Adept x2  
  124  8:12  Stalker  
  130  8:13  Protoss Ground Weapons Level 2, High Templar x2  
  134  8:24  Probe  
  134  8:26  Photon Cannon  
  133  8:28  Assimilator  
  133  8:30  Assimilator  
  133  8:31  Observer  
  133  8:33  Probe  
  133  8:41  Charge  
  133  8:44  Probe  
  133  8:47  High Templar x2  
  138  9:05  Immortal, Probe  
  139  9:13  Stalker x4  
  139  9:14  Stalker  
  139  9:16  Probe  
  154  9:18  Photon Cannon  
  154  9:19  Gateway  
  154  9:20  Shield Battery  
  154  9:22  Photon Cannon  
  154  9:25  Gateway  
  150  9:35  Stalker x2  
  150  9:37  Probe x2  
  148  9:43  Probe  
  149  9:48  Immortal  
  149  9:50  Probe  
  152  9:54  Probe x2  
  152  9:55  Probe  
  152  9:59  Zealot x5  
  164  10:13  Pylon  
  164  10:14  Pylon  
  164  10:22  Pylon  
  164  10:24  Pylon, Photon Cannon  
  164  10:25  Pylon  
  164  10:27  Warp Prism  
  164  10:29  Pylon, Probe  
  164  10:32  High Templar x6  
  179  10:36  Archon x3  
  179  10:42  Probe  
  179  10:43  Stalker  
  182  10:51  Probe  
  182  10:56  Fleet Beacon, Stargate  
  173  10:59  Zealot x2  
  177  11:05  Stalker x3  
  177  11:06  Nexus  
  177  11:07  Pylon  
  177  11:08  Observer  
  177  11:09  Pylon  
  181  11:12  Stalker x4  
  189  11:24  Archon  
  160  11:27  Archon  
  160  11:31  Stalker x5  
Show
View Real Time Build Order
Export as new Build Order

Shino Zerg 

Build Orders: Hatch First 

Get SALT Encoding   

  12  0:00  Drone  
  13  0:13  Overlord  
  13  0:17  Drone  
  14  0:31  Drone x2  
  16  0:46  Hatchery  
  16  0:49  Drone  
  16  0:52  Drone  
  16  0:56  Drone  
  18  1:07  Extractor  
  17  1:11  Spawning Pool  
  17  1:14  Drone  
  17  1:18  Drone  
  18  1:29  Drone  
  19  1:41  Drone  
  20  1:52  Overlord  
  20  1:58  Queen x2  
  20  1:59  Zergling x2  
  26  2:01  Zergling x2  
  26  2:11  Drone  
  26  2:12  Drone  
  28  2:17  Metabolic Boost  
  28  2:22  Drone  
  29  2:23  Drone  
  30  2:40  Hatchery  
  29  2:47  Queen  
  29  2:51  Overlord  
  31  2:54  Drone  
  31  2:56  Drone  
  33  2:59  Drone  
  33  3:00  Zergling x2  
  33  3:03  Zergling x2  
  36  3:08  Overlord  
  36  3:11  Drone  
  36  3:12  Drone  
  38  3:14  Drone  
  38  3:23  Evolution Chamber  
  38  3:25  Drone  
  38  3:33  Spore Crawler  
  38  3:34  Drone x2, Queen  
  38  3:38  Drone  
  38  3:39  Drone  
  44  3:42  Drone  
  44  3:46  Evolution Chamber  
  44  3:48  Drone x2  
  46  3:50  Drone  
  46  3:52  Drone  
  46  3:53  Drone  
  46  3:55  Drone  
  50  3:59  Drone  
  50  4:02  Drone, Spore Crawler  
  51  4:07  Spore Crawler  
  51  4:08  Drone  
  51  4:11  Overlord  
  51  4:14  Overlord  
  51  4:16  Drone x2  
  53  4:20  Zerg Melee Weapons Level 1  
  53  4:22  Drone  
  54  4:24  Drone  
  54  4:26  Drone  
  54  4:28  Drone  
  58  4:31  Drone x3  
  58  4:36  Drone  
  61  4:40  Hatchery  
  61  4:42  Drone x2  
  61  4:45  Drone  
  63  4:47  Drone x3  
  61  4:52  Drone  
  61  4:53  Drone x3  
  63  5:01  Drone x4  
  63  5:03  Lair  
  63  5:05  Extractor  
  66  5:07  Extractor  
  66  5:09  Roach Warren  
  66  5:10  Extractor  
  66  5:12  Drone  
  66  5:13  Drone  
  65  5:14  Drone  
  65  5:17  Overlord  
  66  5:21  Zergling x10  
  66  5:24  Drone  
  70  5:28  Overlord x2  
  70  5:29  Overlord  
  70  5:37  Drone  
  70  5:38  Drone  
  70  5:40  Overlord x2  
  70  5:41  Drone  
  70  5:42  Zergling x2  
  74  5:46  Zergling x2  
  74  5:47  Zergling x4  
  75  5:50  Roach  
  75  5:56  Roach  
  86  5:57  Evolution Chamber, Roach x5  
  86  6:02  Roach  
  86  6:03  Roach x3  
  82  6:07  Glial Reconstitution  
  82  6:11  Extractor  
  80  6:15  Roach x3  
  86  6:19  Ravager  
  86  6:22  Roach x3  
  83  6:29  Drone x3  
  74  6:47  Drone  
  74  6:50  Drone  
  74  6:51  Drone  
  74  6:52  Drone x2  
  74  6:54  Drone x3  
  79  6:57  Zerg Missile Weapons Level 1  
  79  6:59  Drone  
  82  7:02  Drone  
  82  7:04  Drone x2  
  85  7:09  Spore Crawler  
  85  7:10  Evolution Chamber  
  85  7:11  Drone  
  85  7:12  Drone  
  85  7:13  Extractor  
  85  7:14  Drone x2  
  86  7:15  Drone  
  86  7:17  Spore Crawler  
  86  7:20  Infestation Pit  
  86  7:21  Drone  
  88  7:24  Spire  
  88  7:28  Queen  
  89  7:34  Zergling x6  
  92  7:37  Drone x2  
  92  7:42  Spore Crawler  
  92  7:43  Drone x2  
  95  7:48  Zergling x8  
  99  7:52  Roach x2  
  99  7:58  Drone x2  
  105  7:59  Overlord  
  105  8:01  Roach  
  105  8:02  Roach  
  109  8:07  Overlord  
  109  8:09  Drone x3  
  112  8:19  Overlord  
  112  8:20  Extractor  
  111  8:35  Mutalisk x9  
  111  8:38  Zergling x6  
  132  8:45  Zergling x8  
  136  8:54  Overlord x3  
  135  9:09  Zergling x8  
  134  9:17  Overlord x2  
  134  9:19  Ravager x8  
  134  9:20  Zergling x22  
  151  9:25  Zergling x6  
  151  9:30  Roach x2  
  156  9:43  Overlord  
  156  9:45  Drone x8  
  161  9:48  Drone  
  161  9:52  Drone x2  
  159  9:56  Extractor x2  
  156  10:00  Infestation Pit  
  156  10:06  Drone x2  
  156  10:07  Drone x8  
  162  10:12  Hydralisk Den  
  161  10:17  Overlord  
  161  10:18  Overlord x3  
  161  10:24  Zergling x2  
  161  10:25  Zergling x4  
  164  10:29  Zergling x12  
  164  10:30  Zergling x2  
  171  10:36  Hatchery  
  170  10:44  Lurker Den  
  168  10:57  Zergling x20  
  168  10:58  Zergling x10  
  180  11:06  Zergling x2  
  180  11:07  Zergling x4  
  180  11:11  Roach x4  
  177  11:22  Roach x4  
Tags
 
Add a new tag
Caveats
  • Supply blocks, unpowered buildings, or Contaminate may cause inaccurate times.
  • Supply counts are checked every 10 seconds.